 Dungeon Crawl Stone Soup version 0.31-a0-868-g674d60d6f7 (webtiles) character file.

Game seed: 6224002071695987979

2247 Gergoth the Chiller (level 9, -2/67 HPs)
             Began as a Merfolk Ice Elementalist on Oct 11, 2023.
             Was an Initiate of Ashenzari.
             Slain by Grum
             ... wielding a +1 glaive
              (10 damage)
             ... on level 8 of the Dungeon.
             The game lasted 00:18:38 (6472 turns).

Gergoth the Chiller (Merfolk Ice Elementalist)      Turns: 6472, Time: 00:18:38

Health: -2/67      AC: 16    Str:  8    XL:     9   Next: 37%
Magic:  14/16      EV: 11    Int: 21    God:    Ashenzari [......]
Gold:   307        SH:  0    Dex: 15    Spells: 8/18 levels left

rFire   + . .        K - +1 trident (protect)
rCold   . . .        (no shield)
rNeg    . . .        S - +0 ring mail of the Bright Eagle {rF+ Will+ Int+3}
rPois   .            j - +2 helmet
rElec   .            p - +0 cloak
rCorr   .            (no gloves)
SInv    .            (no boots)
Will    +....        d - amulet of regeneration
Stlth   +            (no ring)
HPRegen 1.11/turn    (no ring)
MPRegen 0.15/turn

%: no passive effects
@: under a protective aura
A: (nimble swimmer 2), mertail
a: Renounce Religion, Curse Item


You were on level 8 of the Dungeon.
You worshipped Ashenzari.
Ashenzari was noncommittal.
You visited 2 branches of the dungeon, and saw 9 of its levels.
You also visited: Sewer.

You collected 307 gold pieces.

Inventory:

Hand Weapons
 v - a +0 halberd
 K - a +1 trident of protection (weapon)
Missiles
 u - a throwing net
 z - 3 boomerangs (quivered)
 D - 6 poisoned darts
Armour
 i - a +0 chain mail
 j - a +2 helmet (worn)
 p - a +0 cloak (worn)
 y - a +0 plate armour
 S - the +0 ring mail of the Bright Eagle (worn) {rF+ Will+ Int+3}
   (You found it on level 7 of the Dungeon)

   Int+3:     It affects your intelligence (+3).
   rF+:       It protects you from fire.
   Will+:     It increases your willpower.
Magical Staves
 f - a staff of conjuration
Jewellery
 d - an amulet of regeneration (around neck)
 o - a ring of resist corrosion
 s - a ring of ice
Wands
 J - a wand of mindburst (20)
Scrolls
 k - 7 scrolls of identify
 l - 3 scrolls of teleportation
 q - 2 scrolls of fog {unknown}
 w - 2 scrolls of torment {unknown}
 x - a scroll of fear
 E - a scroll of noise {unknown}
 R - 2 scrolls of summoning {unknown}
Potions
 a - a potion of lignification {unknown}
 b - 3 potions of magic
 c - a potion of brilliance {unknown}
 e - a potion of degeneration {unknown}
 g - a potion of invisibility {unknown}
 h - a potion of berserk rage {unknown}
 m - a potion of might {unknown}
 n - a potion of cancellation {unknown}
 r - a potion of haste {unknown}
 C - a potion of ambrosia {unknown}


   Skills:
 + Level 4.9 Fighting
 + Level 5.7 Polearms
 + Level 2.4 Armour
 - Level 4.0 Dodging
 - Level 2.1 Stealth
 + Level 5.0 Spellcasting
 + Level 3.3 Conjurations
 - Level 4.0 Summonings
 + Level 7.0 Ice Magic


You had 8 spell levels left.
You knew the following spells:

 Your Spells              Type           Power      Damage    Failure   Level
a - Freeze                Ice            100%       1d10      1%          1
b - Frozen Ramparts       Ice            68%        1d11      5%          3
c - Summon Ice Beast      Ice/Summ       28%        N/A       32%         4
d - Blink                 Tloc           10%        N/A       43%         2

Your spell library contained the following spells:

 Spells                   Type           Power      Damage    Failure   Level
 Ozocubu's Armour         Ice            34%        N/A       5%          3
 Momentum Strike          Conj/Tloc      24%        3d8       24%         2
 Lesser Beckoning         Tloc           10%        N/A       43%         2


Dungeon Overview and Level Annotations

Branches:
Dungeon (8/15)             Temple (1/1) D:6           Sewer (visited)
   Lair: D:8-11

Altars:
Ashenzari
Cheibriados
Dithmenos
Elyvilon
Fedhas
Hepliaklqana
Kikubaaqudgha
Makhleb
Nemelex Xobeh
Okawaru
Qazlal
Uskayaw
Vehumet
Wu Jian
Xom
Yredelemnul
The Shining One

Shops:
D:1 *

Annotations:
D:4 2 transporters, wvc's ghost, amateur GrEE
D:5 Grinder
D:8 Grum
Temple 2 transporters


Innate Abilities, Weirdness & Mutations

((You are very nimble when in or above water. (Stealth+, EV+, Speed+++)))
Your lower body shifts to a powerful aquatic tail in water.


Message History

You are too injured to fight recklessly!
Casting: Frozen Ramparts (dangerous; 5% risk of failure)
Confirm with . or Enter, or press ? or * to list all spells.
Okay, then.
Throw: 3 boomerangs
Press: ? - help, Q - select action, (/) - cycle Shift-Dir - straight line, f/p - Grum
Aim: Grum, wielding a +1 glaive and wearing a +2 animal skin (severely wounded, 61% to hit)
You throw a boomerang. The boomerang hits Grum.
Grum is severely wounded.
The wall freezes Grum but does no damage.
Grum hits you from afar with a +1 glaive.
* * * LOW HITPOINT WARNING * * *
Throw: 3 boomerangs
Press: ? - help, Q - select action, (/) - cycle Shift-Dir - straight line, f/p - Grum
Aim: Grum, wielding a +1 glaive and wearing a +2 animal skin (severely wounded, 61% to hit)
You throw a boomerang.
The boomerang hits Grum but does no damage.
Grum is severely wounded.
The wall freezes Grum.
Grum closely misses you.
The wall freezes Grum.
Grum closely misses you.
You are too injured to fight recklessly!
You are too injured to fight recklessly!
You are too injured to fight recklessly!
You are too injured to fight recklessly!
Reach: K) +1 trident (protect)
Press: ? - help, Dir - move target, f/p - Grum
Aim: Grum, wielding a +1 glaive and wearing a +2 animal skin (severely wounded, about 34% to evade your +1 trident of protection)
You reach to attack!
You hit Grum.
Grum is almost dead.
The wall freezes Grum.
Grum hits you from afar with a +1 glaive!
* * * LOW HITPOINT WARNING * * *
Reach: K) +1 trident (protect)
Press: ? - help, Dir - move target, f/p - Grum
Aim: Grum, wielding a +1 glaive and wearing a +2 animal skin (almost dead, about 34% to evade your +1 trident of protection)
You reach to attack!
You hit Grum but do no damage.
Grum is almost dead.
The frozen ramparts melt away.
Grum hits you from afar with a +1 glaive!
You die...

#........#
#########.######.#
#.........# #.#
#.######### #.#
#.##############.#
#.......>........#
###########....#######
#>........#..#..#
##.##..#..#..##@#
#.##..##.#..##..#
#.##........###.g#
#..#.###.##.# #..#
##.#.# #.##.# #...####
#.#.###~P..#######.~~)##
#.#.. .P~~~~.......~~{o#
#.# #~PP~...####~~~.##
#.# #.~~~~~.# #.~♣).


You could see Grum.

Vanquished Creatures
  Psyche (D:8)
  A water moccasin (D:7)
  Pargi (Sewer)
  A black bear (D:4)
  An orc warrior (D:8)
  A wolf (D:8)
  A centaur (D:6)
  A phantom (D:4)
  7 bullfrogs
  4 scorpions
  4 hounds
  3 orc priests
  2 sleepcaps
  An iguana (D:6)
  5 orc wizards
  8 gnolls
  6 adders
  A shadow imp (D:7)
  2 white imps
  A worm (D:7)
  2 dart slugs
  25 orcs
  2 ball pythons
  5 bats
  8 endoplasms
  2 giant cockroaches
  13 goblins
  6 hobgoblins
  A jackal (Sewer)
  4 kobolds
  4 quokkas
  3 frilled lizards
  7 rats
134 creatures vanquished.

Notes
Turn   | Place    | Note
-------+----------+-------------------------------------------
     0 | D:1      | Gergoth the Merfolk Ice Elementalist began the quest for
                  | the Orb.
     0 | D:1      | Reached XP level 1. HP: 13/13 MP: 3/3
   323 | D:1      | Reached XP level 2. HP: 19/19 MP: 1/5
  1119 | D:1      | Found Soasum's Assorted Antiques.
  1257 | D:2      | Reached XP level 3. HP: 24/24 MP: 4/6
  1262 | D:2      | Learned a level 3 spell: Frozen Ramparts
  1307 | D:2      | Found a faded altar of an unknown god.
  1419 | D:2      | Reached XP level 4. HP: 30/30 MP: 3/8
  1501 | D:2      | Reached skill level 5 in Ice Magic
  1717 | D:2      | Reached skill level 1 in Fighting
  2091 | D:2      | Reached skill level 1 in Polearms
  2091 | D:2      | Reached XP level 5. HP: 37/37 MP: 4/9
  2203 | D:2      | Learned a level 4 spell: Summon Ice Beast
  2303 | D:3      | Found a glowing drain.
  2319 | Sewer    | Entered a sewer
  2372 | Sewer    | Noticed Pargi
  2403 | Sewer    | Killed Pargi
  2404 | Sewer    | Reached XP level 6. HP: 44/44 MP: 0/10
  2554 | D:3      | Reached skill level 1 in Summonings
  2651 | D:3      | Reached skill level 1 in Conjurations
  3221 | D:3      | Learned a level 2 spell: Blink
  3247 | D:4      | Noticed a black bear
  3255 | D:4      | Killed a black bear
  3389 | D:4      | Reached XP level 7. HP: 46/51 MP: 12/12
  3598 | D:4      | Noticed wvc's ghost (amateur GrEE)
  3601 | D:4      | Found a transporter.
  3616 | D:4      | Found a transporter.
  3636 | D:4      | Found an ornate altar of the Wu Jian Council.
  4013 | D:5      | Entered Level 5 of the Dungeon
  4018 | D:5      | Noticed Grinder
  4332 | D:5      | Paralysed by Grinder for 4 turns
  4498 | D:5      | Reached skill level 6 in Ice Magic
  4622 | D:6      | Found a staircase to the Ecumenical Temple.
  4631 | D:6      | Reached skill level 1 in Armour
  4631 | D:6      | Reached XP level 8. HP: 56/58 MP: 4/14
  4650 | Temple   | Found a transporter.
  4650 | Temple   | Found a transporter.
  4650 | Temple   | Found a transporter.
  4650 | Temple   | Found a transporter.
  4650 | Temple   | Entered the Ecumenical Temple
  4672 | Temple   | Became a worshipper of Ashenzari the Shackled
  5508 | D:6      | Found a blossoming altar of Fedhas.
  5508 | D:6      | Found a hazy altar of Hepliaklqana.
  5696 | D:7      | Identified the +0 ring mail of the Bright Eagle {rF+ Will+
                  | Int+3}
  5885 | D:7      | Found a snail-covered altar of Cheibriados.
  5996 | D:7      | Noticed a troll
  6013 | D:8      | Noticed Psyche
  6037 | D:8      | HP: 2/60 [something/chain of chaos (2)]
  6126 | D:8      | Reached skill level 5 in Polearms
  6132 | D:8      | Reached XP level 9. HP: 66/66 MP: 14/16
  6234 | D:8      | Killed Psyche
  6301 | D:8      | Reached skill level 7 in Ice Magic
  6459 | D:8      | Noticed Grum
  6467 | D:8      | Reached skill level 5 in Spellcasting
  6472 | D:8      | Slain by Grum

Illustrated notes

Levels and vault maps discovered:
D:1:      lemuel_arrival_behind_the_door_large, layout_basic, serial_shops, shop
D:2:      layout_loops_cross, basic_ecumenical_altar
D:3:      layout_basic, cheibrodos_sewer_entry_drain, grunt_decor_arrowhead
D:4:      layout_basic, nzn_wu_jian_contemplation, gammafunk_ghost_arena,
          minmay_door_square, hex_intersection, kennysheep_generic_room_9
D:5:      layout_layer_cave, kennysheep_orc_sif_temple, uniq_grinder,
          uniq_duvessa
D:6:      layout_loops_corners, gammafunk_temple_overflow_elements,
          minmay_temple_entry_slanted
D:7:      layout_basic, slow_altar_2, minmay_liquid_box
D:8:      minmay_octagon_keep, layout_basic, nicolae_eternal_life,
          serial_bayou_lagoon_a, nicolae_inconvenience_store, uniq_grum,
          uniq_psyche, uniq_amaemon
Temple:   hellmonk_temple_divided_pantheon

Skill      XL: |  1  2  3  4  5  6  7  8  9 |
---------------+----------------------------+-----
Dodging        | 3 4 |  4.0
Ice Magic      | 5 6 7 |  7.0
Fighting       | 1 2 3 4 |  4.9
Spellcasting   | 3 4 5 |  5.0
Polearms       | 1 2 3 5 |  5.7
Summonings     | 1 2 3 4 |  4.0
Conjurations   | 1 2 3 |  3.3
Armour         | 1 2 |  2.4
Stealth        | |  2.1

Action                     |  1- 3 |  4- 6 |  7- 9 || total
---------------------------+-------+-------+-------++-------
  Melee: Unarmed           |    10 |       |     1 ||    11
         Staff             |    17 |     1 |       ||    18
         Spear             |       |    97 |       ||    97
         Punch             |       |     2 |     1 ||     3
         Tailslap          |       |     5 |       ||     5
         Halberd           |       |    57 |   143 ||   200
         Trident           |       |       |   163 ||   163
  Throw: Dart              |       |       |    16 ||    16
         Boomerang         |       |       |     6 ||     6
   Cast: Freeze            |    42 |    35 |     2 ||    79
         Frozen Ramparts   |       |     5 |    15 ||    20
    Use: Scroll            |     3 |     3 |     3 ||     9
         Potion            |       |       |     2 ||     2
   Stab: Sleeping          |     1 |     9 |     3 ||    13
         Distracted        |       |       |     2 ||     2
 Armour: Robe              |    28 |     8 |       ||    36
         Leather armour    |       |    96 |    20 ||   116
         Ring mail         |       |       |   253 ||   253
         Skin              |       |       |     4 ||     4
  Dodge: Dodged            |    37 |   149 |   179 ||   365

Table legend: (Time is in decaauts)
 A = Elapsed time spent in this place.
 B = Non-inter-level travel time spent in this place.
 C = Inter-level travel time spent in this place.
 D = Time resting spent in this place.
 E = Time spent auto-exploring this place.
 F = Levels seen in this place.
 G = Mean time per level.
                   A        B        C        D        E       F      G
               +--------+--------+--------+--------+--------+-----+--------+
         Total |   6528 |   6412 |    116 |    564 |   3814 |  10 |  652.8 |
       Dungeon |   6271 |   6155 |    116 |    564 |   3709 |   8 |  783.9 |
        Temple |     50 |     50 |      0 |      0 |      0 |   1 |   50.0 |
         Sewer |    206 |    206 |      0 |      0 |    105 |   1 |  206.0 |
               +--------+--------+--------+--------+--------+-----+--------+

Top non-repeatable levels by time:
     D:1: 1239 daAuts
     D:6: 1001 daAuts
     D:2: 989 daAuts
     D:4: 906 daAuts
     D:3: 803 daAuts
     D:5: 492 daAuts
     D:8: 462 daAuts
     D:7: 377 daAuts
   Sewer: 206 daAuts
  Temple: 50 daAuts
